 Dungeon Crawl Stone Soup version 0.19.1-1-g22dce08 (webtiles) character file.

193 Alarkh the Chopper (level 5, 26/41 HPs)
             Began as a Demonspawn Monk on Jan 7, 2017.
             Was a Believer of Trog.
             Quit the game in a sewer.
             The game lasted 00:03:11 (2261 turns).

Alarkh the Chopper (Demonspawn Monk)                Turns: 2261, Time: 00:03:12

Health: 26/41      AC: 17    Str: 16      XL:     5   Next: 44%
Magic:  5/5        EV:  0    Int: 12      God:    Trog [**....]
Gold:   100        SH:  0    Dex: 14 (16) Spells: 0 memorised, 4 levels left

rFire  . . .     SeeInvis .     a - +0 hand axe
rCold  . . .     Gourm    .     j - +0 crystal plate armour
rNeg   . . .     Faith    .     (no shield)
rPois  +         Spirit   .     (no helmet)
rElec  .         Reflect  .     (no cloak)
rCorr  .         Harm     .     s - +0 pair of gloves
MR     .....                    (no boots)
Stlth  ..........               (no amulet)
                                (no ring)
                                p - ring of poison resistance

@: mighty
A: molten scales 1, demonic guardian 1, rot immunity
a: Berserk, Trog's Hand, Burn Spellbooks, Renounce Religion


You were in a sewer.
You worshipped Trog.
Trog was pleased with you.
You were not hungry.

You visited 1 branch of the dungeon, and saw 3 of its levels.
You also visited: Sewer.

You collected 100 gold pieces.

Inventory:

Hand Weapons
 a - a +0 hand axe (weapon)
Armour
 b - a +0 robe
 j - a +0 crystal plate armour (worn)
 s - a +0 pair of gloves (worn)
Jewellery
 p - a ring of poison resistance (left hand)
Scrolls
 h - 2 scrolls of remove curse
 k - a scroll of magic mapping {unknown}
 l - 4 scrolls of teleportation
 m - a scroll of immolation {unknown}
 n - a scroll of blinking {unknown}
 r - a scroll of amnesia {unknown}
 v - a scroll of enchant weapon {unknown}
Potions
 d - 4 potions of curing
 e - a potion of flight
 o - a potion of degeneration
 t - a potion of invisibility {unknown}
 u - a potion of heal wounds {unknown}
 w - a potion of mutation {unknown}
Comestibles
 c - a bread ration
 i - 2 meat rations
 q - 3 chunks of flesh


   Skills:
 - Level 3.0 Fighting
 + Level 5.6 Axes
 - Level 2.6 Dodging
 - Level 1.7 Stealth


You had 4 spell levels left.
You didn't know any spells.

Dungeon Overview and Level Annotations

Branches:
Dungeon (3/15)

Altars:
Trog


Innate Abilities, Weirdness & Mutations

You are partially covered in molten scales. (AC +2)
A weak demonic guardian rushes to your aid.
You are immune to rotting.


Message History

You slash Purgy!
Purgy is severely wounded.
Purgy bites you but does no damage. Purgy claws you but does no damage. x2
You slash Purgy!
Purgy is almost dead.
Purgy bites you. Purgy claws you. Purgy claws you but does no damage.
You slash Purgy!
You kill Purgy!
Trog accepts your kill.
You feel your strength returning.
You feel your intelligence returning.
You feel your dexterity returning.
Your Axes skill increases to level 5!
You have reached level 5!
Your demonic ancestry asserts itself...
You feel the presence of a demonic guardian.
Are you sure you want to abandon this character and quit the game? (Confirm with "yes".)
Okay, then.
Unknown command.
Unknown command.
Are you sure you want to abandon this character and quit the game? (Confirm with "yes".)

####.≈≈≈.####
#∩....∩..'..#
####.≈≈≈.####
####.≈≈≈.####
#..'.≈≈≈.'..#
####.≈≈≈.####
####.≈≈≈.####
#..†.≈≈≈.'..#
####.≈≈≈@####
#.≈≈≈.####
#!.'.≈≈≈.'..#
#############
#≈≈≈# #≈≈≈#
#≈≈≈# #≈≈≈#
#≈≈≈#


There were no monsters in sight!

Vanquished Creatures
  Purgy (Sewer)
  4 adders
  An ooze (D:1)
  2 dart slugs
  2 leopard geckos (D:1)
  5 bats
  3 giant cockroaches
  8 goblins
  6 hobgoblins
  5 jackals
  A ball python (D:3)
  3 frilled lizards
  4 kobolds
  7 rats
52 creatures vanquished.

Notes
Turn   | Place    | Note
-------+----------+-------------------------------------------
     0 | D:1      | Alarkh the Demonspawn Monk began the quest for the Orb.
     0 | D:1      | Reached XP level 1. HP: 18/18 MP: 1/1
    94 | D:1      | Reached skill level 3 in Axes
   118 | D:1      | Gained mutation: You are partially covered in molten scales. (AC +2) [demonic ancestry]
   118 | D:1      | Reached XP level 2. HP: 16/24 MP: 2/2
   676 | D:1      | Gained mutation: You are immune to rotting. [demonic ancestry]
   676 | D:1      | Reached XP level 3. HP: 29/29 MP: 3/3
  1234 | D:2      | Reached skill level 4 in Axes
  1302 | D:2      | Found a bloodstained altar of Trog.
  1433 | D:2      | Became a worshipper of Trog the Wrathful
  1433 | D:2      | Reached * piety under Trog
  1433 | D:2      | Reached ** piety under Trog
  1905 | D:3      | Reached XP level 4. HP: 28/35 MP: 4/4
  2074 | D:3      | Found a glowing drain.
  2112 | Sewer    | Entered a sewer
  2215 | Sewer    | Noticed Purgy
  2260 | Sewer    | Killed Purgy
  2260 | Sewer    | Reached skill level 5 in Axes
  2260 | Sewer    | Gained mutation: A weak demonic guardian rushes to your aid. [demonic ancestry]
  2260 | Sewer    | Reached XP level 5. HP: 26/41 MP: 5/5
  2261 | Sewer    | Quit the game

Skill      XL: |  1  2  3  4 |
---------------+-------------+-----
Axes           | 3 4 5 |  5.6
Fighting       | |  3.0
Dodging        | |  2.6
Stealth        | |  1.7

Action                   |  1- 3 |  4- 6 || total
-------------------------+-------+-------++-------
Melee: Hand axe          |   219 |    69 ||   288
  Use: Scroll            |     2 |       ||     2
       Potion            |       |     5 ||     5
 Stab: Sleeping          |     1 |       ||     1
  Eat: Chunk             |     3 |     2 ||     5
Armor: Robe              |    10 |       ||    10
       Crystal plate arm |   246 |   130 ||   376
       Skin              |       |    18 ||    18
Dodge: Dodged            |    21 |     2 ||    23
